 Dungeon Crawl Stone Soup version 0.18.1-8-gdd0e5ea (webtiles) character file.

50 Kzard the Shooter (level 3, 0/29 HPs)
             Began as a Centaur Hunter on June 2, 2016.
             Succumbed to an adder's poison
             ... on level 2 of the Dungeon.
             The game lasted 00:05:23 (1253 turns).

Kzard the Shooter (Centaur Hunter)                  Turns: 1253, Time: 00:05:24

Health: 0/29       AC:  6    Str: 14    XL:     3   Next: 55%
Magic:  3/3        EV:  8    Int: 10    God:
Gold:   156        SH:  0    Dex: 10    Spells: 0 memorised, 2 levels left

rFire  . . .     SeeInvis .     b - +0 short sword
rCold  . . .     Gourm    .     n - +0 ring mail
rNeg   . . .     Faith    .     (no shield)
rPois  .         Spirit   .     (no helmet)
rElec  .         Dismiss  .     (no cloak)
rCorr  .         Reflect  .     i - +0 pair of gloves
SustAt .         Harm     .     (no barding)
MR     +....                    (no amulet)
Stlth  ..........               (no ring)
                                j - ring of protection from magic

@: lethally poisoned (0 -> -14), very quick, somewhat resistant to hostile
enchantments, extremely unstealthy
A: hooves 3, deformed body, speed 2, tough skin 3
a: no special abilities


You were on level 2 of the Dungeon.
You were not hungry.

You visited 1 branch of the dungeon, and saw 2 of its levels.

You collected 156 gold pieces.

Inventory:

Hand Weapons
 a - a +1 shortbow
 b - a +0 short sword (weapon)
Missiles
 d - 23 arrows
 e - a throwing net (quivered)
 k - 24 bolts
Armour
 c - a +0 leather armour
 i - a +0 pair of gloves (worn)
 n - a +0 ring mail (worn)
Jewellery
 j - a ring of protection from magic (left hand)
Scrolls
 h - a scroll of remove curse {unknown}
 m - 2 scrolls of identify {unknown}
 p - a scroll of teleportation {unknown}
 q - a scroll of amnesia {unknown}
Potions
 l - a potion of flight {unknown}
 o - a potion of mutation {unknown}
 r - a potion of haste {unknown}
Comestibles
 f - 4 bread rations
 g - 2 chunks of flesh


   Skills:
 + Level 2.1 Fighting
 + Level 6.8 Bows
 + Level 1.5 Dodging
 + Level 0.7 Stealth


You had 2 spell levels left.
You didn't know any spells.

Dungeon Overview and Level Annotations

Branches:
Dungeon (2/15)

Altars:
Kikubaaqudgha
Sif Muna
Vehumet


Innate Abilities, Weirdness & Mutations

You have hooves in place of feet.
Armour fits poorly on your strangely shaped body.
You cover ground very quickly.
You have extremely tough skin (AC +3).


Message History

The adder bites you but does no damage. The adder bites you.
* * * LOW HITPOINT WARNING * * *
You are more poisoned.
The adder poisons you!
* * * LOW HITPOINT WARNING * * *
You feel sick.
* * * LOW HITPOINT WARNING * * *
You feel sick.
* * * LOW HITPOINT WARNING * * *
You feel sick.
* * * LOW HITPOINT WARNING * * *
You feel sick. The adder bites you.
* * * LOW HITPOINT WARNING * * *
You are more poisoned.
The adder poisons you!
* * * LOW HITPOINT WARNING * * *
You feel sick.
You hit the adder.
The adder is moderately wounded.
You die...

###### ####
......##### ._.##
..........# ...8#
.....#...##...#
###### ... #.....#.#
# #..... .
#.......#...# #.....
#.....⌠...:_# #.....
#..S.#..#...# #.....
#..@.##.##8## #.....
#...#8...### #.....
#...##...8# #.....
#...##._.######.....
#.....####..........
#........#..........
#......#.#...)......
#......#............
#......#........####


You could see an adder.

Vanquished Creatures
  2 adders (D:2)
  2 giant geckos
  4 giant cockroaches
  2 goblins (D:1)
  4 hobgoblins
  4 jackals (D:1)
  3 bats (D:1)
  4 kobolds
  A rat (D:1)
26 creatures vanquished.

Notes
Turn   | Place    | Note
--------------------------------------------------------------
     0 | D:1      | Kzard the Centaur Hunter began the quest for the Orb.
     0 | D:1      | Reached XP level 1. HP: 17/17 MP: 1/1
   145 | D:1      | Reached XP level 2. HP: 24/24 MP: 2/2
   161 | D:1      | Reached skill level 6 in Bows
   781 | D:2      | Reached XP level 3. HP: 26/29 MP: 3/3
  1203 | D:2      | Found a radiant altar of Vehumet.
  1215 | D:2      | Found an ancient bone altar of Kikubaaqudgha.
  1236 | D:2      | Found a deep blue altar of Sif Muna.
  1252 | D:2      | HP: 1/29 [poisoned by an adder]
  1253 | D:2      | Succumbed to an adder's poison

Skill      XL: |  1  2 |
---------------+-------+-----
Bows           | 6 |  6.8
Fighting       | |  2.1
Dodging        | |  1.5
Stealth        | |  0.7

Action                   || total
-------------------------++-------
Melee: Short sword       ||    31
       Kick              ||     4
 Fire: Shortbow          ||    54
Throw: Throwing net      ||     2
Armor: Ring mail         ||    21
       Leather armour    ||     3
Dodge: Dodged            ||    16
